 Dungeon Crawl Stone Soup version 0.28.0-53-g5a82cb258f (webtiles) character file.

Game seed: 4169023549861825055

49 mortz the Sneak (level 4, -9/23 (24) HPs)
             Began as a Kobold Earth Elementalist on July 17, 2022.
             Mangled by Crazy Yiuf
             ... wielding a +4 quarterstaff of chaos
              (16 damage)
             ... on level 2 of the Dungeon.
             The game lasted 00:08:26 (2491 turns).

mortz the Sneak (Kobold Earth Elementalist)         Turns: 2491, Time: 00:08:27

HP:   -9/23 (24)    AC:  2    Str:  5    XL:     4   Next: 2%
MP:   2/7           EV: 15    Int: 18    God:
Gold: 39            SH:  0    Dex: 15    Spells: 6/8 levels left

rFire   . . .      SeeInvis .   d - +0 short sword {short}
rCold   . . .      Faith    .   (no shield)
rNeg    . . .      Spirit   .   b - +0 robe
rPois   .          Reflect  .   (no helmet)
rElec   .          Harm     .   (no cloak)
rCorr   .          Rampage  .   (no gloves)
Will    .....                   (no boots)
Stlth   ++++......              (no amulet)
HPRegen 0.07/turn               (no ring)
MPRegen 0.10/turn               (no ring)

@: lightly drained
A: small, no large weapons, nightstalker 3
a: no special abilities


You were on level 2 of the Dungeon.
You visited 1 branch of the dungeon, and saw 2 of its levels.

You collected 39 gold pieces.


Innate Abilities, Weirdness & Mutations

You are small and have problems with some larger weapons.
You are completely attuned to the shadows.


   Skills:
 + Level 1.3 Short Blades
 + Level 2.8 Dodging
 + Level 3.8 Stealth
 + Level 2.6 Spellcasting
 * Level 0.9 Conjurations
 + Level 1.0 Transmutations
 - Level 3.2 Earth Magic


You had 6 spell levels left.
You knew the following spells:

 Your Spells              Type           Power      Damage    Failure   Level
a - Sandblast             Erth           26%        2d8       4%          1
b - Magic Dart            Conj           20%        1d4       12%         1

Your spell library contained the following spells:

 Spells                   Type           Power      Damage    Failure   Level
 Passwall                 Tmut/Erth      7%         N/A       11%         2
 Stone Arrow              Conj/Erth      18%        3d8       22%         3
 Call Imp                 Summ           2%         N/A       26%         2
 Dazzling Flash           Conj/Hex       8%         N/A       38%         3
 Mephitic Cloud           Conj/Pois/Air  3%         N/A       41%         3
 Petrify                  Tmut/Erth      9%         N/A       56%         4
 Agony                    Necr           2%         N/A       99%         5
 Silence                  Hex/Air        1%         N/A       99%         5

Inventory:

Hand Weapons
 d - a +0 short sword (weapon) {short}
   (You found it on level 1 of the Dungeon)
 g - a +0 club {mace}
   (You took it off a goblin on level 1 of the Dungeon)
Missiles
 a - 9 poisoned darts {throwing}
 c - 63 stones {throwing}
 h - 3 boomerangs {throwing}
Armour
 b - a +0 robe (worn)
 f - a +0 ring mail
   (You found it on level 1 of the Dungeon)
Scrolls
 i - a scroll of teleportation {@r4}
 k - 2 scrolls of enchant armour {unknown}
Potions
 e - a potion of invisibility
 j - a potion of lignification {!q}

Dungeon Overview and Level Annotations

Branches:
Dungeon (2/15)

Altars:

Annotations:
D:2 Crazy Yiuf

.....# ♣...♣♣ #.# ####.#
♣....♣ #.# #.# #....#
#############.# #.# #....#
#...........#.# #.# ##...#
#.#########.#.# #.# ##..# #.#
#.#.# #.# ##.# #.# #######.#.#
#.######.# #.# #...##....####
#....<...# #@# #.............
########.####g###...##....####
#....................#
#.####.###...###.#.#.## #.#
#.# ##.## #.#.#... #.#
#.####.####.#.#### #.#
#...........#.#
#.#######.########.#
#.......#.# #.# ##


You could see Crazy Yiuf (resistant).


Message History

😎 MP[+1]
Your mp is fully restored (6).
There is a stone staircase leading down here.
h - 3 boomerangs {throwing} You now have 39 gold pieces (gained 8).
c - 69 stones {throwing} (gained 17)
A kobold and a ball python come into view.
The blast of sand hits the ball python.
You kill the ball python! 😎 MP[-1]
You lost 1 mp, and now have 5/6 mp.
The blast of sand hits the kobold.
You kill the kobold! 😎 MP[-1]
You lost 1 mp, and now have 4/6 mp.
c - 70 stones {throwing} (gained 3)
Things that are here:
a +0 club {mace}; a kobold corpse 😎 MP[+2]
Your mp is fully restored (6).
A hobgoblin comes into view.
An adder comes into view.
The helpless hobgoblin fails to defend itself.
You puncture the hobgoblin!
You kill the hobgoblin!
The helpless adder fails to defend itself.
You puncture the adder! The adder closely misses you. x2
The blast of sand hits the adder!
You kill the adder!
Your Short Blades skill increases to level 1! 😎 MP[-1]
You lost 1 mp, and now have 5/6 mp.
j - a fuming black potion
k - a scroll of identify {@r1} 😎 MP[+1]
Your mp is fully restored (6).
Found an escape hatch in the ceiling.
As you read the scroll of identify {@r1}, it crumbles to dust.
e - a potion of invisibility Unknown command.
There is an escape hatch in the ceiling here.
There is an escape hatch in the floor here.
A dart slug comes into view.
The dart slug moves out of view.
The blast of sand hits the dart slug!
You kill the dart slug!
You have reached level 4! 😎 HP[+5] MP[-1]
You now have 24 max hp (+5).
Your hp is fully restored (24).
There is a stone staircase leading up here.
k - 2 scrolls labelled EVEPRAAXTO 😎 MP[+2]
Your mp is fully restored (7).
There is a stone staircase leading up here.
l - a scroll of identify {@r1}
As you read the scroll of identify {@r1}, it crumbles to dust.
j - a potion of lignification You open the door.
Crazy Yiuf drinks a potion.
Crazy Yiuf suddenly seems more resistant.
The blast of sand hits Crazy Yiuf but does no damage. 😎 MP[-1]
You lost 1 mp, and now have 6/7 mp.
The blast of sand hits Crazy Yiuf.
Crazy Yiuf flaps his cloak. 😎 MP[-1]
You lost 1 mp, and now have 5/7 mp.
The blast of sand hits Crazy Yiuf but does no damage.
Crazy Yiuf hits you with a +4 quarterstaff of chaos.
You feel drained. 😕 HP[-6] MP[-1]
You now have 23 max hp (-1).
You take 6 damage, and now have 18/23 hp.
MASSIVE DAMAGE!! (PAUSE)
You lost 1 mp, and now have 4/7 mp.
The blast of sand hits Crazy Yiuf.
Crazy Yiuf misses you. 😕 MP[-1]
You lost 1 mp, and now have 3/7 mp.
The blast of sand hits Crazy Yiuf.
Crazy Yiuf says, "Seed!
Citrus shrimp spinner."
Crazy Yiuf hits you with a +4 quarterstaff of chaos!
Ouch! That really hurt!
* * * LOW HITPOINT WARNING * * *
You feel your power leaking away. 😨 HP[-12] MP[-3]
You take 12 damage, and now have 6/23 hp.
MASSIVE DAMAGE!! (PAUSE)
You lost 3 mp, and now have 0/7 mp.
Crazy Yiuf says, "You!
Trifle Hive cloud." 😨 MP[+1] 😨 HP[+1] Crazy Yiuf cries, "You leg down broken song, no?" 😨 MP[+1] Crazy Yiuf whimpers, "Defame bag mobile!"
Crazy Yiuf whimpers, "Pitchfork!"
Crazy Yiuf yells, "Line!"
There is a stone staircase leading up here.
Crazy Yiuf hits you with a +4 quarterstaff of chaos!
Ouch! That really hurt!
You die...

Skill      XL: |  1  2  3 |
---------------+----------+-----
Stealth        | 3 |  3.8
Short Blades   | 1 |  1.3
Dodging        | |  2.8
Spellcasting   | |  2.6
Conjurations   | |  0.9
Transmutations | |  1.0
Earth Magic    | |  3.2

Action                   |  1- 3 |  4- 6 || total
-------------------------+-------+-------++-------
Melee: Short sword       |    58 |       ||    58
 Cast: Magic Dart        |    35 |       ||    35
       Sandblast         |     5 |     5 ||    10
  Use: Scroll            |     3 |     1 ||     4
 Stab: Sleeping          |    15 |       ||    15
Armor: Robe              |    12 |       ||    12
Dodge: Dodged            |    41 |     1 ||    42

Levels and vault maps discovered:
D:1:      minmay_arrival_four_houses, layout_basic
D:2:      layout_loops_ring, uniq_crazy_yiuf_cottage

Notes
Turn   | Place    | Note
-------+----------+-------------------------------------------
     0 | D:1      | mortz the Kobold Earth Elementalist began the quest for the
                  | Orb.
     0 | D:1      | Reached XP level 1. HP: 10/10 MP: 3/3
     0 | D:1      | magus.rc [v1.9.6]
   114 | D:1      | You pick up a book of Minor Magic and begin reading...
   114 | D:1      | You add the spells Magic Dart, Call Imp and Mephitic Cloud
                  | to your library.
   117 | D:1      | Learned a level 1 spell: Magic Dart
   154 | D:1      | Reached skill level 3 in Stealth
   154 | D:1      | Reached XP level 2. HP: 15/15 MP: 0/5
   766 | D:1      | Reached XP level 3. HP: 19/19 MP: 6/6
   892 | D:1      | You pick up a book of the Senses and begin reading...
   892 | D:1      | You add the spells Dazzling Flash, Agony and Silence to
                  | your library.
  1896 | D:2      | Found a runed translucent door.
  1899 | D:2      | Noticed Crazy Yiuf
  2151 | D:2      | Reached skill level 1 in Short Blades
  2225 | D:2      | Reached XP level 4. HP: 24/24 MP: 5/7
  2491 | D:2      | Mangled by Crazy Yiuf

Vanquished Creatures
  An adder (D:2)
  A dart slug (D:2)
  3 endoplasms (D:1)
  4 giant cockroaches
  2 goblins
  7 hobgoblins
  4 quokkas
  3 ball pythons
  3 frilled lizards
  A kobold (D:2)
  6 rats
35 creatures vanquished.

Table legend:
 A = Non-vault XP
 B = Vault XP
 C = Vault XP percentage of total XP
 D = Non-vault monster count
 E = Vault monster count
 F = Vault count percentage of total count
                 A         B        C        D         E       F
            +---------+---------+-------+---------+---------+-------
      Total |      71 |       0 |   0.0 |      35 |       0 |   0.0
            +---------+---------+-------+---------+---------+-------
        D:1 |      36 |       0 |   0.0 |      22 |       0 |   0.0
        D:2 |      35 |       0 |   0.0 |      13 |       0 |   0.0
            +---------+---------+-------+---------+---------+-------

Illustrated notes

Table legend:
 A = Kills in this place as a percentage of kills in entire the game.
 B = Kills by you in this place as a percentage of kills by you in the entire game.
 C = Kills by friends in this place as a percentage of kills by friends in the entire game.
 D = Other kills in this place as a percentage of other kills in the entire game.
 E = Experience gained in this place as a percentage of experience gained in the entire game.
 F = Experience gained in this place divided by the number of levels of this place that you have seen.
                   A       B       C       D       E      F
               +-------+-------+-------+-------+-------+----------------------
         Total | 100.0 | 100.0 |   N/A |   N/A | 100.0 |  35.5
       Dungeon | 100.0 | 100.0 |   N/A |   N/A | 100.0 |  35.5
               +-------+-------+-------+-------+-------+----------------------

Table legend: (Time is in decaauts)
 A = Elapsed time spent in this place.
 B = Non-inter-level travel time spent in this place.
 C = Inter-level travel time spent in this place.
 D = Time resting spent in this place.
 E = Time spent auto-exploring this place.
 F = Levels seen in this place.
 G = Mean time per level.
                   A        B        C        D        E       F      G
               +--------+--------+--------+--------+--------+-----+--------+
         Total |   2497 |   2389 |    108 |     12 |   2066 |   2 | 1248.5 |
       Dungeon |   2497 |   2389 |    108 |     12 |   2066 |   2 | 1248.5 |
               +--------+--------+--------+--------+--------+-----+--------+

Top non-repeatable levels by time:
     D:1: 1305 daAuts
     D:2: 1192 daAuts
